 Dungeon Sprint DCSS version 0.31-a0-339-gda1cbd555d (webtiles) character file.

Game seed: 14948424170980902077

4200000 Monkooky the Axe Maniac (level 22, -30/233 HPs)
             Began as a Ghoul Warper on July 20, 2023.
             Was the Champion of Makhleb.
             Annihilated by a large bag of meat
             ... wielding a +9 giant spiked club
              (109 damage)
             ... in the Dungeon (Sprint VIII: "Arena of Blood").
             The game lasted 00:01:39 (42 turns).

Monkooky the Axe Maniac (Ghoul Warper)                Turns: 42, Time: 00:01:39

Health: -30/233    AC:  6    Str: 18    XL:     22   Next: 99%
Magic:  8/52       EV: 21    Int: 14    God:    Makhleb [******]
Gold:   0          SH:  0    Dex: 10    Spells: 75/75 levels left

rFire   . . .        i - +∞ Axe of Woe
rCold   + . .        (shield currently unavailable)
rNeg    + + +        b - +0 leather armour
rPois   ∞            (no helmet)
rElec   .            (no cloak)
rCorr   .            (no gloves)
SInv    .            (no boots)
Will    +....        (no amulet)
Stlth   +++++++++    (no ring)
HPRegen 0.00/turn    (no ring)
MPRegen 0.33/turn

%: no teleportation
@: inhibited regen, hasted, very quick
A: claws 1, cold resistance 1, negative energy resistance 3, inhibited
regeneration, torment resistance 2, devour on kill
a: Renounce Religion, Minor Destruction, Lesser Servant of Makhleb, Major
Destruction, Greater Servant of Makhleb


You were in the Dungeon.
You worshipped Makhleb.
Makhleb was exalted by your worship.
You visited 1 branch

Inventory:

Hand Weapons
 a - a +0 hand axe
 i - the +∞ Axe of Woe (weapon)
   (You found it in the Dungeon)
Missiles
 d - 7 boomerangs of dispersal (quivered)
Armour
 b - a +0 leather armour (worn)
Scrolls
 c - a scroll of blinking
Potions
 e - a potion of curing
 f - a potion of heal wounds
 h - 2 potions of magic


   Skills:
 O Level 27 Fighting
 O Level 27 Axes
 + Level 16.9(23.8) Maces & Flails
 + Level 16.6(23.6) Polearms
 O Level 27 Throwing
 O Level 27 Armour
 O Level 27 Dodging
 O Level 27 Stealth
 + Level 19.5 Unarmed Combat
 O Level 27 Spellcasting
 O Level 27 Translocations
 O Level 27 Invocations


You had 75 spell levels left.
You didn't know any spells.
Your spell library contained the following spells:

 Spells                   Type           Power      Damage    Failure   Level
 Blink                    Tloc           100%       N/A       0%          2
 Lesser Beckoning         Tloc           100%       N/A       0%          2
 Teleport Other           Tloc           76%        N/A       0%          3
 Manifold Assault         Tloc           76%        N/A       0%          4
 Vhi's Electric Charge    Tloc/Air       100%       N/A       1%          3


Dungeon Overview and Level Annotations

Branches:
Dungeon (1/1)

Altars:
Makhleb


Innate Abilities, Weirdness & Mutations

You are immune to poison.
You have sharp fingernails.
Your flesh is cold resistant. (rC+)
You are immune to negative energy. (rN+++)
You do not regenerate when monsters are visible.
You are immune to unholy pain and torment.
You thrive by killing the living.


Message History

Items here: )) == ††.
Unknown command.
You hit the bag of meat but do no damage.
You chop the bag of meat into pieces.
You kill the bag of meat!
Makhleb accepts your kill.
You feel better.
You slice the meat berserker!!
You butcher the meat berserker messily.
You kill the meat berserker!
Makhleb accepts your kill.
You feel better.
You slice the bag of meat!!
You dissect the bag of meat like a pig carcass.
You kill the bag of meat!
Makhleb accepts your kill.
You slash the bag of meat!
You hew the bag of meat savagely.
You kill the bag of meat!
Makhleb accepts your kill.
You slice the bag of meat!!
You dissect the bag of meat like a pig carcass.
You kill the bag of meat!
Makhleb accepts your kill.
You slice the bag of meat!!
You slaughter the bag of meat joyfully.
You kill the bag of meat!
Makhleb accepts your kill.
The destroyer appears out of thin air!
A destroyer comes into view. It is wielding a +9 heavy great sword.
Your base Maces & Flails skill gained 16 levels and is now at level 16!
Your base Polearms skill gained 16 levels and is now at level 16!
Your Unarmed Combat skill gained 19 levels and is now at level 19!
Unknown command. 6 bags of meat and a destroyer come into view.
The destroyer is wielding a +9 heavy great sword.
The meat berserker is engulfed in blazing flames.
The meat berserker rages.
You hear a shout! x2
The bag of meat hits you with a +9 war axe!!
The large bag of meat hits you with a +9 giant spiked club!!!!
Ouch! That really hurt!
The large bag of meat hits you with a +9 giant spiked club!!!!
You die...

.).))))#............#..
.oo.o§§§......V....o...
..ooo°°§...#...#....O.#
....§§§§..#....#.oOVo# .
o..o....##..O.§#O.oo.#..
......O#.....)#°ooo##oVo
......o#...###§§§o#oo...
#........O...O))#Oo.o.o.
..............))@o....o#
####.........####
#......V#### ......####
....### ####


You could see 4 destroyers, 5 large bags of meat, a meat berserker (berserk) and
17 bags of meat.

Vanquished Creatures
  2 vampire knights (D)
  15 ogres (D)
  3 two-headed ogres (D)
  31 orcs (D)
  A skeletal warrior (D)
52 creatures vanquished.

Notes
Turn   | Place    | Note
-------+----------+-------------------------------------------
     0 | D        | Found the +∞ Axe of Woe
     0 | D        | Monkooky the Ghoul Warper began the quest for the Orb.
     0 | D        | Reached XP level 1. HP: 17/17 MP: 2/2
     1 | D        | Noticed a bag of meat
     1 | D        | Noticed a bag of meat
     3 | D        | Became a worshipper of Makhleb the Destroyer
     3 | D        | Noticed a bag of meat
     3 | D        | Noticed a bag of meat
     4 | D        | Noticed a bag of meat
     4 | D        | Noticed a bag of meat
     5 | D        | Noticed a bag of meat
     5 | D        | Noticed a bag of meat
     5 | D        | Noticed a meat berserker
     6 | D        | Killed a meat berserker
     6 | D        | Killed a bag of meat
     6 | D        | Reached * piety under Makhleb
     6 | D        | Noticed a meat berserker
     6 | D        | Noticed a bag of meat
     7 | D        | Reached skill level 27 in Axes
     7 | D        | Reached XP level 2. HP: 24/24 MP: 3/6
     7 | D        | Reached XP level 3. HP: 29/29 MP: 3/7
     7 | D        | Reached XP level 4. HP: 36/36 MP: 3/9
     7 | D        | Reached XP level 5. HP: 41/41 MP: 3/10
     7 | D        | Reached XP level 6. HP: 48/48 MP: 3/11
     7 | D        | Reached XP level 7. HP: 55/55 MP: 3/12
     7 | D        | Reached XP level 8. HP: 61/61 MP: 3/13
     7 | D        | Reached XP level 9. HP: 67/67 MP: 3/14
     7 | D        | Reached XP level 10. HP: 73/73 MP: 3/15
     7 | D        | Reached XP level 11. HP: 79/79 MP: 3/16
     7 | D        | Reached XP level 12. HP: 85/85 MP: 3/17
     7 | D        | Killed a bag of meat
     8 | D        | Reached XP level 13. HP: 91/91 MP: 3/21
     8 | D        | Killed a bag of meat
     8 | D        | Noticed a bag of meat
     9 | D        | Reached skill level 15 in Invocations
     9 | D        | Killed a bag of meat
     9 | D        | Reached ** piety under Makhleb
     9 | D        | Killed a bag of meat
    10 | D        | Reached XP level 14. HP: 99/99 MP: 3/26
    10 | D        | Killed a bag of meat
    10 | D        | Killed a bag of meat
    10 | D        | Reached *** piety under Makhleb
    10 | D        | Noticed a meat berserker
    11 | D        | Reached XP level 15. HP: 104/104 MP: 3/29
    12 | D        | Killed a meat berserker
    13 | D        | Reached skill level 27 in Stealth
    13 | D        | Noticed a meat berserker
    14 | D        | Noticed a large bag of meat
    14 | D        | Noticed a meat berserker
    15 | D        | Reached **** piety under Makhleb
    15 | D        | Noticed a meat berserker
    16 | D        | Reached skill level 27 in Invocations
    16 | D        | Reached XP level 16. HP: 139/139 MP: 4/32
    16 | D        | Noticed a meat berserker
    17 | D        | Noticed a meat berserker
    18 | D        | Killed a meat berserker
    18 | D        | Noticed a meat berserker
    19 | D        | Killed a meat berserker
    19 | D        | Killed a meat berserker
    20 | D        | Reached XP level 17. HP: 181/181 MP: 4/33
    20 | D        | Reached ***** piety under Makhleb
    20 | D        | Killed a meat berserker
    21 | D        | Reached skill level 27 in Fighting
    22 | D        | Noticed a large bag of meat
    22 | D        | Killed a meat berserker
    23 | D        | Reached XP level 18. HP: 200/200 MP: 5/34
    24 | D        | Noticed a destroyer
    25 | D        | Reached skill level 27 in Dodging
    25 | D        | Noticed a meat berserker
    25 | D        | Noticed a large bag of meat
    25 | D        | Noticed a large bag of meat
    26 | D        | Reached ****** piety under Makhleb
    26 | D        | Noticed a large bag of meat
    28 | D        | Killed a destroyer
    29 | D        | Reached XP level 19. HP: 207/207 MP: 5/35
    30 | D        | Noticed a sculptor of flesh
    30 | D        | Killed a meat berserker
    30 | D        | Killed a meat berserker
    31 | D        | Reached skill level 15 in Spellcasting
    31 | D        | Killed a meat berserker
    31 | D        | Killed a large bag of meat
    32 | D        | Reached skill level 27 in Translocations
    32 | D        | Reached XP level 20. HP: 173/216 MP: 6/43
    32 | D        | Killed a large bag of meat
    32 | D        | Noticed a meat berserker
    33 | D        | Noticed a large bag of meat
    34 | D        | Reached skill level 15 in Armour
    34 | D        | Noticed a meat berserker
    34 | D        | Noticed a meat berserker
    34 | D        | Noticed a large bag of meat
    34 | D        | Noticed a meat berserker
    34 | D        | Noticed a meat berserker
    35 | D        | Noticed a destroyer
    35 | D        | Killed a meat berserker
    35 | D        | Noticed a destroyer
    35 | D        | Noticed a large bag of meat
    36 | D        | Reached skill level 27 in Spellcasting
    36 | D        | Noticed a meat berserker
    36 | D        | Noticed a meat berserker
    36 | D        | Noticed a large bag of meat
    36 | D        | Noticed a destroyer
    36 | D        | Noticed a large bag of meat
    36 | D        | Noticed a large bag of meat
    37 | D        | Killed a meat berserker
    37 | D        | Killed a meat berserker
    37 | D        | Killed a meat berserker
    38 | D        | Reached skill level 27 in Armour
    38 | D        | Reached XP level 21. HP: 224/224 MP: 7/51
    38 | D        | Killed a large bag of meat
    39 | D        | Killed a destroyer
    40 | D        | Reached skill level 27 in Throwing
    40 | D        | Reached XP level 22. HP: 229/233 MP: 7/52
    42 | D        | Noticed a destroyer
    42 | D        | Noticed a destroyer
    42 | D        | Annihilated by a large bag of meat

Illustrated notes

Levels and vault maps discovered:
D:        meatsprint

Skill      XL: |  1  2  3  4  5  6  7  8  9 10 11 12 13 14 15 16 17 18 19 20 21 22 |
---------------+-------------------------------------------------------------------+-----
Axes           | 27 | 27.0
Stealth        | 9 13 21 24 27 | 27.0
Invocations    | 8 12 19 22 27 | 27.0
Fighting       | 11 23 27 | 27.0
Dodging        | 8 17 25 27 | 27.0
Armour         | 6 11 27 | 27.0
Spellcasting   | 11 20 27 | 27.0
Translocations | 20 27 | 27.0
Throwing       | 17 27 | 27.0
Maces & Flails | 16 | 16.9
Polearms       | 16 | 16.6
Unarmed Combat | 19 | 19.5

Action                     |  1- 3 |  4- 6 |  7- 9 | 10-12 | 13-15 | 16-18 | 19-21 | 22-24 || total
---------------------------+-------+-------+-------+-------+-------+-------+-------+-------++-------
  Melee: Executioner's axe |     1 |       |       |     1 |     5 |     8 |     9 |     1 ||    25
    Use: Potion            |       |       |       |       |     1 |       |       |       ||     1
         Scroll            |       |       |       |       |       |       |     1 |       ||     1
  Dodge: Dodged            |       |       |       |       |     1 |       |       |     1 ||     2

Table legend: (Time is in decaauts)
 A = Elapsed time spent in this place.
 B = Non-inter-level travel time spent in this place.
 C = Inter-level travel time spent in this place.
 D = Time resting spent in this place.
 E = Time spent auto-exploring this place.
 F = Levels seen in this place.
 G = Mean time per level.
                   A        B        C        D        E       F      G
               +--------+--------+--------+--------+--------+-----+--------+
         Total |     27 |     27 |      0 |      0 |      0 |   1 |   27.0 |
       Dungeon |     27 |     27 |      0 |      0 |      0 |   1 |   27.0 |
               +--------+--------+--------+--------+--------+-----+--------+

Top non-repeatable levels by time:
       D: 27 daAuts
